 Dungeon Crawl Stone Soup version 0.16-a0-2381-gbf6b861 (webtiles) character file.

46 PolkaDot the Caller (level 3, 0/24 HPs)
             Began as a Vampire Summoner on Nov 17, 2014.
             Killed by divine providence
             ... invoked by an orc priest
              (8 damage)
             ... on level 3 of the Dungeon.
             The game lasted 00:08:12 (2498 turns).

PolkaDot the Caller (Vampire Summoner)              Turns: 2498, Time: 00:08:13

Health: 0/24       AC:  3    Str:  7    XL:     3   Next: 46%
Magic:  6/6        EV: 17    Int: 18    God:
Gold:   185        SH:  0    Dex: 14    Spells: 3 memorised, 1 level left

rFire  . . .     SeeInvis +     h - +0 short sword
rCold  . . .     Clarity  .     a - +0 robe
rNeg   . . .     SustAb   .     (no shield)
rPois  .         Gourm    .     (no helmet)
rElec  .         Spirit   .     (no cloak)
rCorr  .         Warding  .     l - +0 pair of gloves (curse)
rMut   .         Stasis   .     (no boots)
MR     .....                    n - amulet of faith
Stlth  ++........               (no ring)
                                g - +5 ring of evasion

@: regenerating quickly, not resistant to hostile enchantments, unstealthy
A: bottle blood, fangs 3, see invisible, unbreathing
a: no special abilities


You were on level 3 of the Dungeon.
You were full.

You visited 1 branch of the dungeon, and saw 3 of its levels.

You collected 185 gold pieces.

Inventory:

Hand weapons
 h - a +0 short sword (weapon)
Armour
 a - a +0 robe (worn)
 l - a cursed +0 pair of gloves (worn)
Jewellery
 g - a +5 ring of evasion (left hand)
 n - an amulet of faith (around neck)
Scrolls
 d - 3 scrolls of identify {unknown}
 e - a scroll of teleportation {unknown}
 f - 4 scrolls of remove curse {unknown}
 j - 3 scrolls of enchant weapon {unknown}
 k - 2 scrolls of amnesia {unknown}
Potions
 c - 2 potions of haste {unknown}
 i - a potion of might {unknown}
 m - 2 potions of decay {unknown}
 o - a potion of poison {unknown}
 p - a potion of heal wounds {unknown}
 q - a potion of berserk rage {unknown}
Books
 b - a book of Callings

   Spells                             Type                      Level
   *Summon Small Mammal               Summoning                    1
   *Call Imp                          Summoning                    2
   *Call Canine Familiar              Summoning                    3
   Summon Guardian Golem              Hexes/Summoning              4
   Summon Lightning Spire             Summoning/Air                4
   Summon Ice Beast                   Ice/Summoning                4


   Skills:
 - Level 2.1 Dodging
 - Level 3.0 Stealth
 + Level 2.5 Spellcasting
 * Level 4.9 Summonings


You had one spell level left.
You knew the following spells:

 Your Spells              Type           Power        Failure   Level  Hunger
a - Summon Small Mammal   Summ           ###.         1%          1    #......
d - Call Canine Familiar  Summ           ###.....     10%         3    ###....
s - Call Imp              Summ           ###.....     3%          2    ##.....


Dungeon Overview and Level Annotations

Branches:
Dungeon (3/15)

Altars:
Gozag


Innate Abilities, Weirdness & Mutations

Your natural rate of healing is unusually fast.
You can bottle blood from corpses.
You have razor-sharp teeth.
You have supernaturally acute eyesight.
You can survive without breathing.


Message History

The orc hits you from afar with a trident.
* * * LOW HITPOINT WARNING * * *
The orc closely misses you.
You swap places.
Your white imp gestures at the orc.
The puff of frost hits the orc.
The orc dies!
The orc barely misses your white imp.
Your white imp freezes the orc.
You see here a mace.
The orc barely misses your white imp.
Your white imp gestures at the orc.
The puff of frost hits the orc.
The orc dies!
Your white imp disappears in a puff of smoke!
The orc priest calls down the wrath of Beogh upon you.
Something smites you!
* * * LOW HITPOINT WARNING * * *
The orc priest mumbles some strange prayers to Beogh against you.
Something smites you!
You die...

####.......).#
####............# .#
#...............## .#
#.#.........##..<..#.#
.............>.#.#.#.#
###.###.#.#......#...##
..).###+#......#......
####........####.##.##
# #............@.o..#
####.......########)##
...#.......+ ...
...#().....# ####
...#........
...####..... ...# .....
...# . ...#


You could see an orc priest.

Vanquished Creatures
  2 orcs (D:3)
  A ball python (D:3)
  2 hobgoblins
  2 jackals (D:1)
  A quokka (D:2)
  2 bats
  A giant gecko (D:1)
  A giant newt (D:3)
  5 goblins
  2 kobolds
  8 rats
27 creatures vanquished.

Vanquished Creatures (collateral kills)
  An adder (D:3)
  A giant gecko (D:1)
  2 orcs (D:3)
  A giant cockroach (D:3)
  3 hobgoblins
  A bat (D:1)
  A goblin (D:1)
  A kobold (D:1)
  2 rats
13 creatures vanquished.

Vanquished Creatures (others)
  A rat (D:1)
1 creature vanquished.

Grand Total: 41 creatures vanquished

Notes
Turn   | Place    | Note
--------------------------------------------------------------
     0 | D:1      | PolkaDot, the Vampire Summoner, began the quest for the Orb.
     0 | D:1      | Reached XP level 1. HP: 13/13 MP: 3/3
   178 | D:1      | Upgraded the game from 0.16-a0-2363-g19e4ded to 0.16-a0-2376-g7c77ec3
   503 | D:1      | Reached XP level 2. HP: 1/19 MP: 0/4
   771 | D:1      | Learned a level 2 spell: Call Imp
  1220 | D:2      | Upgraded the game from 0.16-a0-2376-g7c77ec3 to 0.16-a0-2381-gbf6b861
  2135 | D:3      | Found an opulent altar of Gozag.
  2162 | D:3      | Reached XP level 3. HP: 16/24 MP: 6/6
  2433 | D:3      | Learned a level 3 spell: Call Canine Familiar
  2498 | D:3      | Killed from afar by an orc priest

Action                   || total
-------------------------++-------
Melee: Unarmed           ||    48
       Short sword       ||    81
 Cast: Summon Small Mamm ||    14
       Call Imp          ||     3
  Use: Potion            ||     1
 Stab: Sleeping          ||     4
  Eat: Corpse            ||    14
